 Dungeon Crawl Stone Soup version 0.17-a0-1404-gb8113a6 (webtiles) character file.

2448 nono the Protected (level 9, 0/62 HPs)
             Began as a Gargoyle Fighter on June 21, 2015.
             Was an Initiate of Ashenzari.
             Slain by an orc warrior
             ... wielding a +0 glaive
              (14 damage)
             ... on level 7 of the Dungeon.
             The game lasted 00:18:24 (6756 turns).

nono the Protected (Gargoyle Fighter)               Turns: 6756, Time: 00:18:24

Health: 0/62       AC: 25    Str: 25    XL:     9   Next: 49%
Magic:  9/9        EV: 10    Int:  5    God:    Ashenzari [......]
Gold:   218        SH: 10    Dex: 12    Spells: 0 memorised, 8 levels left

rFire  . . .     SeeInvis .     N - +0 whip (elec) (curse)
rCold  . . .     Clarity  +     A - +0 chain mail
rNeg   + . .     SustAt   .     c - +0 shield (curse)
rPois  ∞         Gourm    .     I - +0 helmet
rElec  +         Spirit   .     S - +2 cloak
rCorr  .         Warding  .     R - +0 pair of gloves
rMut   .         Stasis   .     K - +0 pair of boots
MR     .....                    s - amulet of clarity
Stlth  ..........               D - -4 ring of intelligence (curse)
                                G - +4 ring of evasion

@: mighty, not resistant to hostile enchantments, extremely unstealthy
A: negative energy resistance 1, electricity resistance, unbreathing,
petrification resistance, rot immunity, AC +5
a: Renounce Religion


You were on level 7 of the Dungeon.
You worshipped Ashenzari.
Ashenzari was noncommittal.
You were not hungry.

You visited 2 branches of the dungeon, and saw 8 of its levels.

You collected 470 gold pieces.
You spent 252 gold pieces at shops.

Inventory:

Hand weapons
 a - a +0 flail
 N - a cursed +0 whip of electrocution (weapon)
Armour
 b - a +0 scale mail
 c - a cursed +0 shield (worn)
 A - a +0 chain mail (worn)
 I - a +0 helmet (worn)
 K - a +0 pair of boots (worn)
 R - a +0 pair of gloves (worn)
 S - a +2 cloak (worn)
Jewellery
 p - an uncursed amulet of warding
 s - an amulet of clarity (around neck)
 v - an uncursed ring of see invisible
 x - an uncursed amulet of the gourmand
 D - a cursed -4 ring of intelligence (right hand)
 G - a +4 ring of evasion (left hand)
 H - an uncursed ring of flight
Magical devices
 E - a wand of heal wounds (4)
Scrolls
 j - a scroll of magic mapping {unknown}
 k - 3 scrolls of random uselessness {unknown}
 l - 12 scrolls of identify {unknown}
 m - a scroll of enchant weapon {unknown}
 o - a scroll of blinking {unknown}
 w - a scroll of noise {unknown}
 y - 2 scrolls of enchant armour {unknown}
 F - 6 scrolls of teleportation {unknown}
 P - a scroll of curse weapon
 Q - a scroll of immolation {unknown}
Potions
 d - a potion of might
 g - a potion of lignification {unknown}
 h - 3 potions of curing {unknown}
 i - 3 potions of cancellation {unknown}
 n - 2 potions of agility {unknown}
 q - a potion of mutation {unknown}
 u - a potion of ambrosia {unknown}
 B - a potion of heal wounds {unknown}
 C - a potion of poison {unknown}
 L - a potion of brilliance {unknown}
 M - a potion of magic {unknown}
Comestibles
 e - 4 bread rations
 f - 3 meat rations
 r - a royal jelly
 t - 2 slices of pizza
 z - 5 chunks of flesh
 J - a beef jerky
 O - 2 fruits


   Skills:
 + Level 10.1 Fighting
 - Level 2.0 Maces & Flails
 + Level 10.2 Armour
 - Level 3.2 Shields


You had 8 spell levels left.
You didn't know any spells.

Dungeon Overview and Level Annotations

Branches:
Dungeon (7/15)             Temple (1/1) D:6

Altars:
Ashenzari
Cheibriados
Dithmenos
Elyvilon
Fedhas
Gozag
Kikubaaqudgha
Makhleb
Nemelex Xobeh
Qazlal
Ru
Sif Muna
Trog
Vehumet
Xom
Yredelemnul
Zin
The Shining One

Shops:
D:7 [


Innate Abilities, Weirdness & Mutations

You are resistant to torment.
Your stone body is resilient (AC +5).
You are immune to poison.
You resist negative energy.
You are resistant to electric shocks.
You can survive without breathing.
You are immune to petrification.
You are immune to rotting.


Message History

The orc warrior barely misses you.
You completely miss the orc warrior. You hit the orc warrior.
The orc warrior is lightly wounded.
The orc warrior hits you with a glaive!
You hit the orc warrior but do no damage.
The orc warrior is lightly wounded.
The orc priest calls down the wrath of Beogh upon you.
Pain shoots through your body!
You hit the orc warrior but do no damage.
The orc warrior is lightly wounded.
The orc priest hits you but does no damage.
The orc warrior closely misses you.
The orc priest mumbles some strange prayers to Beogh against you.
Pain shoots through your body!
* * * LOW HITPOINT WARNING * * *
Drink which item? (? for menu, Esc to quit)
You feel very mighty all of a sudden. The orc warrior hits you with a glaive!
You die...

#♣♣...# # #.PP..#
#++# #####♣....####
#..#....#♣PP..(.(..
#..#....#♣♣...#####
#..#....#♣PP...#
#..'....#.....##
#.oo....#.....## #
#)@# ..#PPPP..####
#.(# . #♣P♣......†
#$.# ♣♣PP.#.###
#(.# ♣P♣..#.# #
#(.# #♣.P..#.##
#.(######........#
#.(#....'.(......#
#..#..>.'........##
#..'....'...((.(##.


You could see an orc warrior and an orc priest.

Vanquished Creatures
  The ghost of Giampli the Skirmisher, an average HOFi of Beogh (D:4)
  2 hippogriffs (D:7)
  Menkaure (D:6)
  2 phantoms (D:7)
  An orc warrior (D:7)
  A black bear (D:6)
  An ogre (D:7)
  A centaur (D:7)
  A big kobold (D:7)
  3 scorpions
  4 giant frogs
  A water moccasin skeleton (D:4)
  3 killer bees (D:7)
  A crimson imp (D:5)
  6 hounds
  A jelly (D:7)
  2 orc wizards (D:6)
  A gnoll shaman (D:7)
  A centaur skeleton (D:4)
  4 worker ants
  A hound skeleton (D:4)
  A gnoll (D:7)
  7 adders
  A shadow imp (D:3)
  An adder zombie (D:7)
  An ooze (D:1)
  An adder skeleton (D:6)
  4 worms
  3 giant geckos
  19 orcs
  2 ball pythons
  8 bats
  A bat skeleton (D:4)
  A bat zombie (D:7)
  8 giant cockroaches
  13 goblins
  18 hobgoblins
  6 jackals
  14 kobolds
  A quokka (D:3)
  A ball python skeleton (D:4)
  8 giant newts
  A quokka skeleton (D:4)
  14 rats
173 creatures vanquished.

Vanquished Creatures (others)
  A plant (D:7)
1 creature vanquished.

Grand Total: 174 creatures vanquished

Notes
Turn   | Place    | Note
--------------------------------------------------------------
     0 | D:1      | nono the Gargoyle Fighter began the quest for the Orb.
     0 | D:1      | Reached XP level 1. HP: 14/14 MP: 1/1
   277 | D:1      | Found a shimmering altar of Xom.
   308 | D:1      | Reached XP level 2. HP: 19/19 MP: 2/2
   454 | D:1      | Reached skill level 4 in Armour
   512 | D:1      | Reached XP level 3. HP: 19/24 MP: 3/3
  1414 | D:2      | Found a blossoming altar of Fedhas.
  1467 | D:2      | Reached XP level 4. HP: 16/29 MP: 4/4
  2231 | D:3      | Reached skill level 5 in Armour
  2237 | D:3      | Reached XP level 5. HP: 29/34 MP: 5/5
  2898 | D:4      | Reached skill level 5 in Fighting
  3027 | D:4      | Reached XP level 6. HP: 35/40 MP: 6/6
  3100 | D:4      | Reached skill level 6 in Armour
  3179 | D:4      | Noticed Giampli's ghost (average HOFi)
  3208 | D:5      | Entered Level 5 of the Dungeon
  3526 | D:5      | Found an ancient bone altar of Kikubaaqudgha.
  4505 | D:4      | Killed Giampli's ghost
  4505 | D:4      | Reached skill level 7 in Armour
  4505 | D:4      | Reached XP level 7. HP: 14/47 MP: 7/7
  4817 | D:6      | Found a burning altar of Makhleb.
  4914 | D:6      | Found a snail-covered altar of Cheibriados.
  4975 | D:6      | Found a staircase to the Ecumenical Temple.
  4984 | Temple   | Entered the Ecumenical Temple
  5041 | D:6      | Noticed Menkaure
  5049 | D:6      | Killed Menkaure
  5049 | D:6      | Reached XP level 8. HP: 25/53 MP: 8/8
  5216 | D:6      | Reached skill level 8 in Armour
  5291 | D:6      | Found a glowing silver altar of Zin.
  5291 | D:6      | Found a shattered altar of Ashenzari.
  5299 | D:6      | Became a worshipper of Ashenzari the Shackled
  6001 | D:7      | Found Zil Epum's Armour Emporium.
  6009 | D:7      | Bought a +0 pair of gloves for 54 gold pieces
  6009 | D:7      | Bought a +2 cloak for 198 gold pieces
  6044 | D:7      | Reached skill level 9 in Armour
  6102 | D:7      | Reached XP level 9. HP: 56/60 MP: 9/9
  6436 | D:7      | Found a basalt altar of Yredelemnul.
  6591 | D:7      | Reached skill level 10 in Armour
  6692 | D:7      | Reached skill level 10 in Fighting
  6756 | D:7      | Slain by an orc warrior

Vault maps used:
D:1:      evilmike_arrival_run_for_it, xom_teletrap_fun
D:2:      minmay_door_path, lemuel_round_altar
D:3:      kennysheep_big_flooded_room, first_bread
D:5:      kiku_gazebo_garden_becter
D:6:      old_standard_altar, minitemple, minmay_temple_entry_glassed_door,
          cheibriados_altar_1, uniq_menkaure
D:7:      kennysheep_housing_project, kennysheep_little_box, serial_shops,
          shop_statue
Temple:   circular_temple_12

Action                   |  1- 3 |  4- 6 |  7- 9 || total
-------------------------+-------+-------+-------++-------
Melee: Flail             |   117 |   304 |       ||   421
       Whip              |       |    22 |   370 ||   392
  Use: Potion            |       |       |     2 ||     2
       Scroll            |       |       |     2 ||     2
  Eat: Chunk             |     1 |    11 |     8 ||    20
